[ AOE2 MATCH · #469020256 ]
UnrankedPoles vs Byzantines
Player's team · LOSS
[ REPLAY ANALYSIS · EXTRACTED FROM THE RECORDED GAME ]
Feudal
11:47
Castle
17:02
Imperial
28:58
| APM avg | 18.6 |
| APM peak | 41 |
| eAPM avg | 15.4 |
| Villagers / military | 138 / 393 |
Focus
⚔️ 28.4% · 🌾 71.6%
Scout Cavalry ×393
Feudal
10:10
Castle
18:59
Imperial
33:20
| APM avg | 22.2 |
| APM peak | 59 |
| eAPM avg | 17.1 |
| Villagers / military | 124 / 188 |
Focus
⚔️ 37.4% · 🌾 62.6%
Spearman ×132 · Skirmisher ×25 · Archer ×19 · Camel Scout ×5 · Mangonel ×4 · Trebuchet (Packed) ×2
Feudal
10:36
Castle
14:33
Imperial
34:09
| APM avg | 18.6 |
| APM peak | 39 |
| eAPM avg | 14.6 |
| Villagers / military | 139 / 109 |
Focus
⚔️ 28.4% · 🌾 71.6%
Hand Cannoneer ×70 · Spearman ×19 · Bombard Cannon ×9 · Skirmisher ×6 · Hussite Wagon ×5
Feudal
10:42
Castle
16:28
Imperial
37:18
| APM avg | 19.5 |
| APM peak | 53 |
| eAPM avg | 14.9 |
| Villagers / military | 164 / 197 |
Focus
⚔️ 32.8% · 🌾 67.2%
Spearman ×97 · Archer ×59 · War Elephant ×19 · Scout Cavalry ×15 · Knight ×5 · Monk ×2
Feudal
10:10
Castle
14:21
Imperial
32:56
| APM avg | 25.7 |
| APM peak | 70 |
| eAPM avg | 15.9 |
| Villagers / military | 130 / 250 |
Focus
⚔️ 22.5% · 🌾 77.5%
Militia ×186 · Spearman ×34 · Throwing Axeman ×20 · Trade Cart ×11 · Knight ×7 · Trebuchet (Packed) ×3
Feudal
11:42
Castle
17:19
Imperial
35:17
| APM avg | 18.1 |
| APM peak | 53 |
| eAPM avg | 15.7 |
| Villagers / military | 111 / 244 |
Focus
⚔️ 45.1% · 🌾 54.9%
Militia ×131 · Spearman ×113
Feudal
12:10
Castle
21:45
Imperial
40:46
| APM avg | 13.1 |
| APM peak | 39 |
| eAPM avg | 9.9 |
| Villagers / military | 79 / 89 |
Focus
⚔️ 39.7% · 🌾 60.3%
Spearman ×63 · Scout Cavalry ×6 · Knight ×5 · Skirmisher ×5 · Huskarl ×4 · Militia ×4
Feudal
11:13
Castle
16:08
Imperial
31:45
| APM avg | 20.9 |
| APM peak | 52 |
| eAPM avg | 13.6 |
| Villagers / military | 127 / 57 |
Focus
⚔️ 19.6% · 🌾 80.4%
Magyar Huszar ×32 · Cavalry Archer ×17 · Trebuchet (Packed) ×5 · Mangonel ×3
Match map
Initial resources + every placement click. Lines = walls · curves = elevation contours. ◆ gold · ⬟ stone · ● berries · ✦ relic · ◌ wall gap
Inputs per minute
— SlappyGJ - - pablogueme
Build order — SlappyGJ
First 150 of 437 actions detected
| 0:08 | Build | House |
| 0:09 | Build | House |
| 0:12 | Create | Villager (Male) |
| 0:12 | Create | Villager (Male) |
| 0:13 | Create | Villager (Male) |
| 0:13 | Create | Villager (Male) |
| 0:15 | Research | Loom |
| 1:36 | Create | Villager (Male) |
| 1:36 | Create | Villager (Male) |
| 2:19 | Create | Villager (Male) |
| 2:19 | Create | Villager (Male) |
| 2:37 | Create | Villager (Male) |
| 2:37 | Create | Villager (Male) |
| 3:21 | Create | Villager (Male) |
| 3:21 | Create | Villager (Male) |
| 3:22 | Create | Villager (Male) |
| 3:56 | Create | Villager (Male) |
| 4:25 | Build | Lumber Camp |
| 4:28 | Create | Villager (Male) |
| 4:28 | Create | Villager (Male) |
| 4:32 | Build | House |
| 4:33 | Build | House |
| 4:44 | Create | Villager (Male) |
| 4:45 | Create | Villager (Male) |
| 5:00 | Build | Mill |
| 5:26 | Create | Villager (Male) |
| 5:26 | Create | Villager (Male) |
| 5:37 | Create | Villager (Male) |
| 5:37 | Create | Villager (Male) |
| 6:17 | Build | Mill |
| 6:32 | Build | Mining Camp |
| 6:34 | Create | Villager (Male) |
| 6:34 | Create | Villager (Male) |
| 7:01 | Create | Villager (Male) |
| 7:32 | Build | Mining Camp |
| 7:50 | Create | Villager (Male) |
| 7:50 | Create | Villager (Male) |
| 7:50 | Create | Villager (Male) |
| 7:51 | Create | Villager (Male) |
| 7:51 | Create | Villager (Male) |
| 8:38 | Create | Villager (Male) |
| 8:38 | Create | Villager (Male) |
| 8:39 | Create | Villager (Male) |
| 9:34 | Build | House |
| 9:35 | Build | House |
| 9:37 | Research | Feudal Age |
| 10:13 | Build | House |
| 10:14 | Build | House |
| 10:15 | Build | House |
| 10:17 | Build | House |
| 10:55 | Create | Villager (Male) |
| 10:55 | Create | Villager (Male) |
| 10:59 | Create | Villager (Male) |
| 11:47 | Age | Feudal Age |
| 11:49 | Build | Blacksmith |
| 13:16 | Build | Market |
| 13:29 | Build | Market |
| 14:22 | Research | Castle Age |
| 14:23 | Research | Castle Age |
| 14:37 | Build | House |
| 14:38 | Build | House |
| 14:39 | Build | House |
| 14:40 | Build | House |
| 14:42 | Build | House |
| 14:44 | Build | House |
| 14:44 | Build | House |
| 14:46 | Build | House |
| 14:58 | Build | Farm |
| 14:58 | Build | Farm |
| 14:59 | Build | Farm |
| 15:00 | Build | Farm |
| 15:01 | Build | Farm |
| 15:12 | Build | Farm |
| 15:25 | Build | Farm |
| 15:39 | Research | Horse Collar |
| 15:47 | Build | Farm |
| 16:14 | Create | Villager (Male) |
| 16:14 | Create | Villager (Male) |
| 16:29 | Research | Double-Bit Axe |
| 16:55 | Research | Stone Mining |
| 17:02 | Age | Castle Age |
| 17:20 | Build | Town Center |
| 17:25 | Create | Villager (Male) |
| 17:32 | Build | Farm |
| 17:49 | Create | Villager (Male) |
| 17:56 | Build | Farm |
| 18:10 | Create | Villager (Male) |
| 18:21 | Build | Farm |
| 18:36 | Create | Villager (Male) |
| 18:51 | Build | Farm |
| 18:51 | Create | Villager (Male) |
| 18:52 | Create | Villager (Male) |
| 18:52 | Create | Villager (Male) |
| 19:10 | Research | Bow Saw |
| 19:17 | Build | Farm |
| 19:25 | Create | Villager (Male) |
| 19:29 | Create | Villager (Male) |
| 19:39 | Build | Farm |
| 19:52 | Create | Villager (Male) |
| 19:52 | Create | Villager (Male) |
| 20:01 | Build | Farm |
| 20:07 | Build | Farm |
| 20:15 | Build | Castle |
| 20:18 | Create | Villager (Male) |
| 20:18 | Create | Villager (Male) |
| 20:34 | Build | Town Center |
| 20:37 | Create | Villager (Male) |
| 20:37 | Create | Villager (Male) |
| 20:44 | Build | Farm |
| 20:51 | Build | Farm |
| 20:52 | Create | Villager (Male) |
| 20:52 | Create | Villager (Male) |
| 21:07 | Build | Farm |
| 21:14 | Build | Mill |
| 21:16 | Create | Villager (Male) |
| 21:20 | Build | Farm |
| 21:28 | Build | Farm |
| 21:33 | Research | Heavy Plow |
| 21:34 | Create | Villager (Male) |
| 21:35 | Create | Villager (Male) |
| 21:42 | Build | Farm |
| 21:57 | Create | Villager (Male) |
| 22:05 | Build | Farm |
| 22:08 | Create | Villager (Male) |
| 22:15 | Create | Villager (Male) |
| 22:30 | Create | Villager (Male) |
| 22:31 | Create | Villager (Male) |
| 22:31 | Create | Villager (Male) |
| 22:36 | Build | Farm |
| 22:43 | Build | Farm |
| 22:47 | Build | Farm |
| 23:02 | Create | Villager (Male) |
| 23:02 | Create | Villager (Male) |
| 23:03 | Create | Villager (Male) |
| 23:04 | Create | Villager (Male) |
| 23:20 | Build | Town Center |
| 23:26 | Create | Villager (Male) |
| 23:27 | Create | Villager (Male) |
| 23:31 | Build | Farm |
| 23:37 | Build | Farm |
| 23:38 | Build | Farm |
| 23:42 | Build | Mill |
| 23:43 | Build | Farm |
| 23:43 | Build | Farm |
| 23:46 | Build | Farm |
| 23:53 | Create | Villager (Male) |
| 23:53 | Create | Villager (Male) |
| 23:53 | Create | Villager (Male) |
| 23:54 | Create | Villager (Male) |
| 24:09 | Create | Villager (Male) |
Build order — pablogueme
First 150 of 443 actions detected
| 0:02 | Create | Villager (Male) |
| 0:02 | Create | Villager (Male) |
| 0:02 | Create | Villager (Male) |
| 0:03 | Create | Villager (Male) |
| 0:04 | Build | House |
| 0:06 | Build | House |
| 1:31 | Create | Villager (Male) |
| 1:32 | Create | Villager (Male) |
| 1:32 | Create | Villager (Male) |
| 1:52 | Build | Lumber Camp |
| 2:08 | Create | Villager (Male) |
| 2:35 | Create | Villager (Male) |
| 2:35 | Create | Villager (Male) |
| 2:35 | Create | Villager (Male) |
| 2:52 | Create | Villager (Male) |
| 2:53 | Create | Villager (Male) |
| 3:24 | Create | Villager (Male) |
| 3:27 | Build | House |
| 3:47 | Create | Villager (Male) |
| 3:47 | Create | Villager (Male) |
| 4:12 | Create | Villager (Male) |
| 4:38 | Create | Villager (Male) |
| 4:39 | Create | Villager (Male) |
| 5:19 | Create | Villager (Male) |
| 5:25 | Build | House |
| 5:40 | Create | Villager (Male) |
| 5:41 | Create | Villager (Male) |
| 5:49 | Build | Mill |
| 5:54 | Build | House |
| 5:58 | Create | Villager (Male) |
| 5:58 | Create | Villager (Male) |
| 6:13 | Create | Villager (Male) |
| 6:20 | Create | Villager (Male) |
| 7:01 | Build | Mill |
| 7:10 | Create | Villager (Male) |
| 7:58 | Research | Feudal Age |
| 8:42 | Build | Barracks |
| 9:05 | Build | Farm |
| 9:12 | Build | Farm |
| 9:15 | Create | Villager (Male) |
| 9:16 | Create | Villager (Male) |
| 9:38 | Create | Villager (Male) |
| 9:51 | Build | House |
| 10:10 | Age | Feudal Age |
| 10:22 | Research | Double-Bit Axe |
| 10:49 | Build | Lumber Camp |
| 10:56 | Create | Villager (Male) |
| 11:25 | Research | Wheelbarrow |
| 11:56 | Create | Villager (Male) ×5 |
| 12:01 | Build | Farm |
| 12:01 | Build | Farm |
| 12:01 | Build | Farm |
| 12:01 | Build | Farm |
| 12:02 | Build | Farm |
| 12:08 | Research | Horse Collar |
| 12:17 | Build | Farm |
| 12:20 | Build | Farm |
| 12:24 | Build | Farm |
| 12:49 | Build | Market |
| 13:11 | Create | Villager (Male) |
| 13:24 | Build | Blacksmith |
| 13:35 | Build | Farm |
| 13:53 | Build | House |
| 13:54 | Build | House |
| 13:56 | Build | House |
| 14:02 | Create | Villager (Male) |
| 14:05 | Build | Farm |
| 14:10 | Build | Farm |
| 14:28 | Build | Farm |
| 14:38 | Build | Mining Camp |
| 14:53 | Build | Farm |
| 15:06 | Build | Farm |
| 15:11 | Build | Farm |
| 15:17 | Build | Farm |
| 15:49 | Create | Villager (Male) |
| 15:58 | Build | Farm |
| 16:05 | Build | Farm |
| 16:19 | Research | Castle Age |
| 16:28 | Build | Archery Range |
| 16:48 | Research | Padded Archer Armor |
| 17:11 | Build | Archery Range |
| 17:22 | Create | Spearman |
| 17:23 | Create | Spearman |
| 17:46 | Create | Archer |
| 17:57 | Research | Fletching |
| 17:57 | Research | Fletching |
| 18:11 | Build | Farm |
| 18:14 | Research | Gold Mining |
| 18:32 | Create | Archer |
| 18:57 | Build | Lumber Camp |
| 18:59 | Age | Castle Age |
| 19:02 | Research | Bow Saw |
| 19:11 | Build | Town Center |
| 19:17 | Create | Archer |
| 19:26 | Create | Archer |
| 19:26 | Create | Archer |
| 19:35 | Research | Hand Cart |
| 19:39 | Create | Villager (Male) |
| 19:39 | Create | Villager (Male) |
| 19:43 | Research | Gold Shaft Mining |
| 19:51 | Build | Farm |
| 19:52 | Build | Farm |
| 19:52 | Build | Farm |
| 19:59 | Create | Villager (Male) |
| 20:18 | Create | Archer |
| 20:19 | Create | Archer |
| 20:25 | Create | Villager (Male) |
| 20:32 | Create | Villager (Male) |
| 20:48 | Build | Town Center |
| 20:54 | Create | Villager (Male) |
| 21:03 | Research | Crossbowman (upgrade) |
| 21:05 | Create | Archer ×3 |
| 21:17 | Create | Villager (Male) |
| 21:17 | Create | Villager (Male) |
| 21:42 | Build | Mining Camp |
| 21:47 | Create | Villager (Male) ×3 |
| 22:13 | Research | Bodkin Arrow |
| 23:22 | Research | Thumb Ring |
| 23:25 | Create | Archer |
| 23:25 | Create | Archer |
| 23:26 | Create | Archer |
| 23:27 | Create | Archer |
| 23:35 | Create | Villager (Male) |
| 23:36 | Create | Villager (Male) |
| 23:43 | Build | House |
| 23:44 | Build | House |
| 23:45 | Build | House |
| 23:47 | Build | House |
| 23:59 | Research | Leather Archer Armor |
| 24:06 | Create | Archer |
| 24:06 | Create | Archer |
| 24:07 | Create | Archer |
| 24:13 | Create | Villager (Male) |
| 24:15 | Create | Villager (Male) |
| 24:43 | Create | Archer |
| 24:45 | Create | Villager (Male) |
| 24:46 | Create | Villager (Male) |
| 24:46 | Create | Villager (Male) |
| 24:46 | Create | Villager (Male) |
| 25:55 | Create | Archer |
| 26:01 | Create | Villager (Male) |
| 26:02 | Create | Villager (Male) |
| 26:02 | Create | Villager (Male) |
| 26:06 | Build | House |
| 26:07 | Build | House |
| 26:08 | Build | House |
| 26:12 | Build | Farm |
| 26:14 | Build | Farm |
| 26:16 | Build | Farm |
| 26:17 | Create | Villager (Male) |
Build order — [SotC] Jugg
First 150 of 334 actions detected
| 0:01 | Create | Villager (Male) |
| 0:02 | Create | Villager (Male) |
| 0:03 | Build | House |
| 0:05 | Build | House |
| 0:28 | Create | Villager (Male) |
| 0:35 | Create | Villager (Male) |
| 0:35 | Create | Villager (Male) |
| 1:27 | Create | Villager (Male) |
| 1:46 | Build | Lumber Camp |
| 2:14 | Create | Villager (Male) |
| 2:14 | Create | Villager (Male) |
| 2:21 | Create | Villager (Male) |
| 2:53 | Create | Villager (Male) |
| 3:07 | Create | Villager (Male) |
| 3:08 | Create | Villager (Male) |
| 3:49 | Create | Villager (Male) |
| 3:50 | Create | Villager (Male) |
| 4:05 | Create | Villager (Male) |
| 4:31 | Build | House |
| 4:33 | Build | House |
| 4:44 | Create | Villager (Male) |
| 5:36 | Create | Villager (Male) |
| 5:36 | Create | Villager (Male) |
| 5:36 | Create | Villager (Male) |
| 5:45 | Build | Mill |
| 5:52 | Create | Villager (Male) |
| 6:55 | Create | Villager (Male) |
| 7:05 | Build | Mill |
| 7:22 | Build | Mining Camp |
| 7:50 | Create | Villager (Male) |
| 8:22 | Create | Villager (Male) |
| 8:26 | Research | Feudal Age |
| 8:52 | Build | House |
| 9:23 | Create | Villager (Male) |
| 9:24 | Create | Villager (Male) |
| 9:24 | Create | Villager (Male) |
| 10:36 | Age | Feudal Age |
| 10:45 | Build | Market |
| 10:58 | Build | Blacksmith |
| 11:53 | Research | Castle Age |
| 11:54 | Research | Castle Age |
| 12:16 | Build | Farm |
| 12:19 | Build | Farm |
| 12:22 | Build | Farm |
| 12:25 | Build | Farm |
| 12:35 | Research | Horse Collar |
| 13:14 | Research | Double-Bit Axe |
| 13:36 | Build | House |
| 13:37 | Build | House |
| 14:22 | Create | Villager (Male) |
| 14:23 | Create | Villager (Male) |
| 14:23 | Create | Villager (Male) |
| 14:33 | Age | Castle Age |
| 14:38 | Build | Town Center |
| 14:43 | Build | House |
| 15:06 | Build | House |
| 15:45 | Create | Villager (Male) |
| 15:51 | Build | Town Center |
| 15:54 | Build | Farm |
| 15:58 | Create | Villager (Male) |
| 16:19 | Create | Villager (Male) |
| 16:19 | Create | Villager (Male) |
| 16:19 | Create | Villager (Male) |
| 16:42 | Build | Mining Camp |
| 16:47 | Create | Villager (Male) |
| 16:47 | Create | Villager (Male) |
| 16:57 | Build | House |
| 16:58 | Build | House |
| 16:59 | Build | House |
| 17:06 | Build | Farm |
| 17:08 | Build | Farm |
| 17:11 | Build | Farm |
| 17:13 | Create | Villager (Male) |
| 17:17 | Build | Farm |
| 17:32 | Build | Farm |
| 17:33 | Build | Farm |
| 17:39 | Build | Farm |
| 17:40 | Create | Villager (Male) |
| 17:40 | Create | Villager (Male) |
| 18:03 | Create | Villager (Male) |
| 18:03 | Create | Villager (Male) |
| 18:08 | Build | Farm |
| 18:14 | Build | Farm |
| 18:17 | Build | Farm |
| 18:19 | Create | Villager (Male) |
| 18:19 | Create | Villager (Male) |
| 18:20 | Research | Loom |
| 18:29 | Build | Farm |
| 18:30 | Create | Villager (Male) |
| 18:30 | Create | Villager (Male) |
| 18:35 | Build | Farm |
| 18:41 | Build | Farm |
| 18:45 | Create | Villager (Male) |
| 18:50 | Build | Farm |
| 18:56 | Create | Villager (Male) |
| 18:56 | Create | Villager (Male) |
| 19:05 | Build | Farm |
| 19:07 | Build | Farm |
| 19:08 | Create | Villager (Male) |
| 19:15 | Build | Farm |
| 19:27 | Create | Villager (Male) |
| 19:27 | Create | Villager (Male) |
| 19:27 | Create | Villager (Male) |
| 19:35 | Create | Villager (Male) |
| 19:38 | Build | Farm |
| 19:41 | Build | Farm |
| 19:47 | Create | Villager (Male) |
| 19:48 | Create | Villager (Male) |
| 19:51 | Create | Villager (Male) |
| 19:51 | Create | Villager (Male) |
| 19:53 | Create | Villager (Male) |
| 19:53 | Create | Villager (Male) |
| 19:56 | Build | Farm |
| 20:02 | Build | Farm |
| 20:05 | Build | Farm |
| 20:06 | Create | Villager (Male) |
| 20:06 | Create | Villager (Male) |
| 20:15 | Create | Villager (Male) |
| 20:21 | Build | Farm |
| 20:23 | Create | Villager (Male) |
| 20:26 | Create | Villager (Male) |
| 20:31 | Create | Villager (Male) |
| 20:31 | Create | Villager (Male) |
| 20:39 | Create | Villager (Male) |
| 20:40 | Create | Villager (Male) |
| 20:54 | Build | Town Center |
| 20:56 | Create | Villager (Male) |
| 20:56 | Create | Villager (Male) |
| 20:57 | Create | Villager (Male) |
| 21:09 | Create | Villager (Male) |
| 21:09 | Create | Villager (Male) |
| 21:09 | Create | Villager (Male) |
| 21:27 | Build | Stone Wall |
| 21:31 | Create | Villager (Male) |
| 21:31 | Create | Villager (Male) |
| 21:31 | Create | Villager (Male) |
| 21:44 | Create | Villager (Male) |
| 21:44 | Create | Villager (Male) |
| 21:52 | Create | Villager (Male) |
| 21:52 | Create | Villager (Male) |
| 22:07 | Create | Villager (Male) |
| 22:07 | Create | Villager (Male) |
| 22:07 | Create | Villager (Male) |
| 22:07 | Create | Villager (Male) |
| 22:17 | Create | Villager (Male) |
| 22:25 | Build | Farm |
| 22:31 | Create | Villager (Male) |
| 22:31 | Create | Villager (Male) |
| 22:35 | Build | Farm |
| 22:39 | Create | Villager (Male) |
Build order — byolaf
First 150 of 381 actions detected
| 0:01 | Create | Villager (Male) ×5 |
| 0:04 | Build | House |
| 0:08 | Build | House |
| 1:40 | Build | Lumber Camp |
| 1:51 | Create | Villager (Male) |
| 1:51 | Create | Villager (Male) |
| 2:18 | Create | Villager (Male) |
| 2:20 | Create | Villager (Male) |
| 2:32 | Build | House |
| 3:14 | Create | Villager (Male) ×2 |
| 3:15 | Create | Villager (Male) ×2 |
| 3:15 | Create | Villager (Male) ×2 |
| 3:54 | Build | Mill |
| 4:01 | Create | Villager (Male) ×2 |
| 4:01 | Create | Villager (Male) ×2 |
| 4:14 | Build | House |
| 5:04 | Create | Villager (Male) ×3 |
| 5:29 | Build | Farm |
| 5:53 | Create | Villager (Male) |
| 5:53 | Create | Villager (Male) |
| 6:19 | Build | Lumber Camp |
| 6:34 | Create | Villager (Male) ×5 |
| 6:34 | Create | Villager (Male) ×5 |
| 6:34 | Create | Villager (Male) ×2 |
| 7:55 | Build | House |
| 7:58 | Build | House |
| 8:08 | Build | Mill |
| 8:19 | Research | Feudal Age |
| 8:34 | Build | Mining Camp |
| 9:06 | Research | Loom |
| 9:06 | Create | Villager (Male) |
| 9:06 | Create | Villager (Male) |
| 9:07 | Create | Villager (Male) |
| 9:20 | Build | Farm |
| 10:12 | Build | Farm |
| 10:42 | Age | Feudal Age |
| 10:44 | Build | Blacksmith |
| 10:59 | Build | Mining Camp |
| 11:00 | Create | Villager (Male) |
| 11:07 | Create | Villager (Male) |
| 11:07 | Create | Villager (Male) |
| 11:08 | Create | Villager (Male) |
| 11:47 | Build | House |
| 12:06 | Build | Market |
| 12:51 | Build | Farm |
| 12:56 | Create | Villager (Male) |
| 12:57 | Create | Villager (Male) |
| 13:04 | Build | Farm |
| 13:29 | Build | Farm |
| 13:36 | Build | House |
| 14:02 | Research | Castle Age |
| 14:14 | Build | Lumber Camp |
| 14:30 | Create | Villager (Male) |
| 14:31 | Create | Villager (Male) |
| 14:31 | Research | Loom |
| 14:37 | Build | Lumber Camp |
| 14:45 | Research | Double-Bit Axe |
| 14:52 | Research | Loom |
| 14:53 | Create | Villager (Male) |
| 14:53 | Create | Villager (Male) |
| 15:42 | Research | Horse Collar |
| 15:57 | Build | Barracks |
| 16:28 | Age | Castle Age |
| 16:59 | Build | Castle |
| 17:19 | Create | Villager (Male) |
| 17:19 | Create | Villager (Male) |
| 17:32 | Build | Town Center |
| 18:09 | Build | Stone Wall |
| 18:13 | Build | Building 490 |
| 18:19 | Build | House |
| 18:22 | Build | House |
| 18:36 | Create | Villager (Male) |
| 18:36 | Create | Villager (Male) |
| 18:55 | Build | Town Center |
| 19:07 | Create | Villager (Male) ×5 |
| 19:09 | Research | Bow Saw |
| 19:37 | Build | Monastery |
| 19:51 | Create | Villager (Male) |
| 19:57 | Build | Mining Camp |
| 20:07 | Build | Farm |
| 20:08 | Build | Farm |
| 20:08 | Build | Farm |
| 20:08 | Build | Farm |
| 20:08 | Build | Farm |
| 20:08 | Build | Farm |
| 20:09 | Build | Farm |
| 20:09 | Build | Farm |
| 20:09 | Build | Farm |
| 20:09 | Build | Farm |
| 20:16 | Create | Monk |
| 20:28 | Create | Villager (Male) ×2 |
| 20:49 | Create | Villager (Male) |
| 20:49 | Create | Villager (Male) |
| 20:58 | Build | Farm |
| 21:08 | Build | Farm |
| 21:08 | Build | Farm |
| 21:08 | Build | Farm |
| 21:09 | Build | Farm |
| 21:09 | Build | Farm |
| 21:09 | Build | Farm |
| 21:09 | Build | Farm |
| 21:21 | Create | Villager (Male) ×2 |
| 21:21 | Create | Villager (Male) ×2 |
| 21:28 | Create | Monk |
| 21:49 | Create | Villager (Male) |
| 21:49 | Create | Villager (Male) |
| 21:49 | Create | Villager (Male) |
| 21:59 | Build | Farm |
| 22:50 | Research | Fervor |
| 22:53 | Create | Villager (Male) ×5 |
| 22:55 | Create | Villager (Male) ×2 |
| 23:14 | Create | War Elephant |
| 23:27 | Create | Villager (Male) |
| 23:34 | Build | Farm |
| 23:34 | Build | Farm |
| 23:34 | Build | Farm |
| 23:35 | Build | Farm |
| 23:35 | Build | Farm |
| 23:35 | Build | Farm |
| 23:36 | Build | Farm |
| 23:36 | Build | Farm |
| 23:36 | Build | Farm |
| 23:37 | Build | Farm |
| 23:37 | Build | Farm |
| 23:48 | Create | Villager (Male) ×2 |
| 23:49 | Create | Villager (Male) ×2 |
| 23:50 | Create | Villager (Male) |
| 24:22 | Research | Scale Barding Armor |
| 24:57 | Create | Villager (Male) ×5 |
| 25:08 | Build | Castle |
| 25:35 | Build | Castle |
| 26:00 | Create | Villager (Male) ×5 |
| 26:06 | Research | Fletching |
| 26:10 | Create | Villager (Male) ×5 |
| 26:27 | Build | Palisade Wall |
| 26:29 | Build | Palisade Wall |
| 27:02 | Research | Bodkin Arrow |
| 27:03 | Create | Villager (Male) ×4 |
| 27:08 | Build | Archery Range |
| 27:10 | Build | Archery Range |
| 27:36 | Create | Villager (Male) ×5 |
| 27:43 | Build | Farm |
| 27:43 | Build | Farm |
| 27:44 | Build | Farm |
| 27:45 | Build | Farm |
| 27:45 | Build | Farm |
| 27:45 | Build | Farm |
| 27:45 | Build | Farm |
| 27:46 | Build | Farm |
| 27:46 | Build | Farm |
Build order — FerRockero
First 150 of 369 actions detected
| 0:00 | Create | Villager (Male) |
| 0:02 | Build | House |
| 0:03 | Build | House |
| 0:06 | Create | Villager (Male) |
| 0:07 | Create | Villager (Male) |
| 0:07 | Create | Villager (Male) |
| 1:25 | Create | Villager (Male) |
| 1:49 | Build | Lumber Camp |
| 1:57 | Create | Villager (Male) |
| 1:57 | Create | Villager (Male) |
| 2:19 | Create | Villager (Male) |
| 2:46 | Create | Villager (Male) |
| 3:06 | Create | Villager (Male) |
| 3:14 | Build | House |
| 3:30 | Create | Villager (Male) |
| 3:49 | Create | Villager (Male) |
| 4:03 | Build | Mill |
| 4:34 | Create | Villager (Male) |
| 4:34 | Create | Villager (Male) |
| 4:47 | Create | Villager (Male) |
| 5:12 | Create | Villager (Male) |
| 5:18 | Build | Farm |
| 5:46 | Create | Villager (Male) |
| 6:05 | Create | Villager (Male) |
| 6:08 | Build | Farm |
| 6:11 | Build | House |
| 6:37 | Create | Villager (Male) |
| 6:48 | Create | Villager (Male) |
| 7:14 | Create | Villager (Male) |
| 7:53 | Build | Mining Camp |
| 8:00 | Research | Feudal Age |
| 9:37 | Build | Mill |
| 9:53 | Create | Villager (Male) |
| 9:53 | Create | Villager (Male) |
| 10:10 | Age | Feudal Age |
| 10:19 | Build | Market |
| 10:40 | Build | Blacksmith |
| 11:34 | Build | Mining Camp |
| 11:41 | Research | Castle Age |
| 11:41 | Research | Castle Age |
| 12:20 | Research | Stone Mining |
| 12:35 | Research | Double-Bit Axe |
| 12:41 | Build | Farm |
| 12:44 | Build | Farm |
| 13:04 | Build | Farm |
| 14:02 | Build | House |
| 14:10 | Create | Villager (Male) |
| 14:10 | Create | Villager (Male) |
| 14:18 | Research | Wheelbarrow |
| 14:21 | Age | Castle Age |
| 14:28 | Research | Bow Saw |
| 14:29 | Create | Villager (Male) |
| 14:54 | Create | Villager (Male) |
| 15:06 | Create | Villager (Male) |
| 15:49 | Build | Castle |
| 16:34 | Create | Villager (Male) |
| 16:39 | Build | Farm |
| 16:41 | Build | Farm |
| 16:42 | Build | Farm |
| 16:44 | Build | Farm |
| 16:44 | Build | Farm |
| 16:47 | Build | Farm |
| 16:47 | Build | Farm |
| 16:53 | Build | Farm |
| 16:57 | Build | Farm |
| 17:12 | Create | Villager (Male) |
| 17:28 | Create | Villager (Male) |
| 17:50 | Build | House |
| 17:51 | Build | House |
| 17:58 | Build | Mining Camp |
| 18:03 | Create | Villager (Male) |
| 18:19 | Create | Villager (Male) |
| 18:46 | Build | Town Center |
| 18:48 | Create | Villager (Male) |
| 18:53 | Build | House |
| 19:23 | Create | Villager (Male) |
| 19:40 | Create | Villager (Male) |
| 19:41 | Create | Villager (Male) |
| 19:57 | Create | Villager (Male) |
| 20:00 | Create | Villager (Male) |
| 20:01 | Create | Villager (Male) |
| 20:08 | Create | Villager (Male) |
| 20:23 | Research | Gold Mining |
| 20:27 | Create | Villager (Male) |
| 20:28 | Create | Villager (Male) |
| 20:29 | Create | Villager (Male) |
| 20:36 | Build | Barracks |
| 20:47 | Create | Villager (Male) |
| 20:59 | Create | Villager (Male) |
| 21:02 | Build | Farm |
| 21:04 | Build | Farm |
| 21:13 | Research | Gold Shaft Mining |
| 21:15 | Create | Villager (Male) |
| 21:25 | Create | Villager (Male) |
| 21:31 | Build | House |
| 21:33 | Research | Squires |
| 21:35 | Research | Pikeman (upgrade) |
| 21:38 | Create | Villager (Male) |
| 22:10 | Build | Town Center |
| 22:19 | Create | Villager (Male) |
| 22:29 | Build | House |
| 22:32 | Create | Villager (Male) |
| 22:36 | Research | Loom |
| 22:40 | Create | Villager (Male) |
| 22:41 | Create | Villager (Male) |
| 23:01 | Build | Town Center |
| 23:02 | Create | Villager (Male) |
| 23:02 | Create | Villager (Male) |
| 23:16 | Create | Villager (Male) |
| 23:16 | Create | Villager (Male) |
| 23:20 | Build | Farm |
| 23:22 | Build | Farm |
| 23:30 | Build | House |
| 23:32 | Create | Spearman |
| 23:32 | Create | Spearman |
| 23:44 | Build | Farm |
| 23:53 | Create | Spearman |
| 23:53 | Create | Spearman |
| 23:54 | Create | Spearman |
| 23:57 | Create | Villager (Male) |
| 24:05 | Build | Farm |
| 24:12 | Create | Villager (Male) |
| 24:17 | Build | Farm |
| 24:19 | Create | Villager (Male) |
| 24:25 | Create | Villager (Male) |
| 24:35 | Build | Castle |
| 24:39 | Create | Spearman |
| 24:39 | Create | Spearman |
| 24:43 | Create | Villager (Male) |
| 24:44 | Create | Villager (Male) |
| 24:45 | Create | Villager (Male) |
| 24:46 | Create | Villager (Male) |
| 24:49 | Build | Farm |
| 24:50 | Build | Farm |
| 24:52 | Build | Farm |
| 24:55 | Create | Villager (Male) |
| 24:55 | Create | Villager (Male) |
| 24:56 | Create | Villager (Male) |
| 24:57 | Create | Villager (Male) |
| 25:01 | Build | Farm |
| 25:09 | Create | Villager (Male) |
| 25:10 | Create | Villager (Male) |
| 25:11 | Create | Villager (Male) |
| 25:15 | Build | House |
| 25:17 | Build | House |
| 25:21 | Create | Spearman |
| 25:21 | Create | Spearman |
| 25:22 | Create | Spearman |
| 25:31 | Build | Farm |
| 25:33 | Build | Farm |
Build order — Neto KJ
First 150 of 505 actions detected
| 0:15 | Create | Villager (Male) |
| 0:15 | Create | Villager (Male) |
| 0:16 | Create | Villager (Male) |
| 0:16 | Create | Villager (Male) |
| 0:18 | Build | House |
| 0:21 | Build | House |
| 2:02 | Create | Villager (Male) |
| 2:03 | Create | Villager (Male) |
| 2:06 | Build | Lumber Camp |
| 2:27 | Create | Villager (Male) |
| 2:46 | Create | Villager (Male) |
| 3:20 | Create | Villager (Male) |
| 3:33 | Create | Villager (Male) |
| 4:08 | Create | Villager (Male) |
| 4:14 | Build | Mill |
| 4:18 | Create | Villager (Male) |
| 4:39 | Build | House |
| 4:40 | Build | House |
| 4:51 | Create | Villager (Male) |
| 5:35 | Create | Villager (Male) |
| 6:12 | Create | Villager (Male) |
| 6:12 | Create | Villager (Male) |
| 6:24 | Create | Villager (Male) |
| 6:40 | Build | Mill |
| 6:46 | Create | Villager (Male) |
| 7:45 | Create | Villager (Male) |
| 8:07 | Create | Villager (Male) |
| 8:20 | Build | House |
| 8:22 | Build | House |
| 8:42 | Create | Villager (Male) |
| 8:59 | Create | Villager (Male) |
| 9:23 | Research | Feudal Age |
| 11:18 | Create | Villager (Male) |
| 11:23 | Create | Villager (Male) |
| 11:42 | Age | Feudal Age |
| 12:13 | Build | Mining Camp |
| 12:20 | Build | Farm |
| 12:22 | Build | Farm |
| 12:23 | Build | Farm |
| 12:24 | Build | Farm |
| 12:26 | Build | Farm |
| 12:27 | Build | Farm |
| 12:33 | Create | Villager (Male) |
| 12:36 | Create | Villager (Male) |
| 12:51 | Build | Market |
| 12:58 | Build | Farm |
| 13:09 | Build | Farm |
| 13:14 | Build | Farm |
| 13:21 | Create | Villager (Male) |
| 13:30 | Build | House |
| 13:36 | Build | Blacksmith |
| 13:42 | Build | Barracks |
| 13:46 | Create | Villager (Male) |
| 14:02 | Build | Lumber Camp |
| 14:39 | Research | Castle Age |
| 15:05 | Research | Horse Collar |
| 15:10 | Build | Lumber Camp |
| 15:20 | Research | Double-Bit Axe |
| 15:49 | Research | Gold Mining |
| 15:58 | Build | House |
| 16:00 | Build | House |
| 16:05 | Research | Scale Mail Armor |
| 16:28 | Research | Forging |
| 16:43 | Research | Man-at-Arms (upgrade) |
| 17:01 | Build | Barracks |
| 17:19 | Age | Castle Age |
| 17:23 | Create | Villager (Male) |
| 17:23 | Create | Villager (Male) |
| 17:24 | Create | Villager (Male) |
| 17:56 | Build | Town Center |
| 17:58 | Create | Villager (Male) |
| 18:09 | Build | Town Center |
| 18:43 | Create | Villager (Male) |
| 18:52 | Build | Mining Camp |
| 19:09 | Research | Chain Mail Armor |
| 19:22 | Create | Villager (Male) |
| 19:42 | Create | Villager (Male) |
| 20:17 | Create | Villager (Male) |
| 20:46 | Build | Town Center |
| 20:52 | Create | Villager (Male) |
| 20:53 | Create | Villager (Male) |
| 21:08 | Create | Villager (Male) |
| 21:09 | Create | Villager (Male) |
| 21:38 | Create | Villager (Male) |
| 21:38 | Create | Villager (Male) |
| 21:53 | Build | Town Center |
| 22:13 | Build | Farm |
| 22:17 | Build | Farm |
| 22:20 | Create | Villager (Male) |
| 22:20 | Create | Villager (Male) |
| 22:29 | Build | Farm |
| 22:33 | Create | Villager (Male) |
| 22:41 | Create | Villager (Male) |
| 22:44 | Build | Farm |
| 22:53 | Build | Farm |
| 22:57 | Build | Farm |
| 23:09 | Create | Villager (Male) |
| 23:10 | Create | Villager (Male) |
| 23:13 | Build | Farm |
| 23:21 | Build | Farm |
| 23:28 | Build | Farm |
| 23:31 | Create | Villager (Male) |
| 23:41 | Build | Farm |
| 23:46 | Build | Farm |
| 23:51 | Create | Villager (Male) |
| 23:51 | Create | Villager (Male) |
| 23:53 | Create | Villager (Male) |
| 24:12 | Build | Farm |
| 24:19 | Create | Villager (Male) |
| 24:19 | Create | Villager (Male) |
| 24:19 | Create | Villager (Male) |
| 24:20 | Create | Villager (Male) |
| 24:35 | Build | Farm |
| 24:38 | Build | Farm |
| 24:43 | Build | Farm |
| 24:45 | Create | Villager (Male) |
| 24:46 | Create | Villager (Male) |
| 24:46 | Create | Villager (Male) |
| 24:49 | Build | Farm |
| 24:56 | Build | Farm |
| 25:03 | Build | Farm |
| 25:06 | Create | Villager (Male) |
| 25:06 | Create | Villager (Male) |
| 25:06 | Create | Villager (Male) |
| 25:18 | Build | Farm |
| 25:24 | Build | Farm |
| 25:28 | Build | Farm |
| 25:31 | Create | Villager (Male) |
| 25:31 | Create | Villager (Male) |
| 25:31 | Create | Villager (Male) |
| 25:32 | Create | Villager (Male) |
| 25:32 | Create | Villager (Male) |
| 25:40 | Build | House |
| 25:42 | Build | House |
| 25:43 | Build | House |
| 25:44 | Build | House |
| 25:47 | Build | House |
| 25:48 | Build | House |
| 25:50 | Build | House |
| 25:52 | Build | House |
| 25:53 | Build | House |
| 25:55 | Build | House |
| 26:14 | Build | Farm |
| 26:16 | Build | Farm |
| 26:17 | Build | Farm |
| 26:31 | Build | Farm |
| 26:32 | Build | Farm |
| 26:34 | Build | Farm |
| 26:36 | Build | Farm |
| 26:42 | Create | Villager (Male) |
Build order — Angrycow4
First 150 of 279 actions detected
| 0:01 | Create | Villager (Male) |
| 0:02 | Create | Villager (Male) |
| 0:02 | Create | Villager (Male) |
| 0:02 | Create | Villager (Male) |
| 0:05 | Build | House |
| 0:08 | Build | House |
| 1:35 | Create | Villager (Male) |
| 2:05 | Create | Villager (Male) |
| 2:14 | Build | House |
| 2:22 | Build | Lumber Camp |
| 2:31 | Create | Villager (Male) |
| 3:04 | Create | Villager (Male) |
| 3:22 | Create | Villager (Male) |
| 3:22 | Create | Villager (Male) |
| 4:30 | Build | Mill |
| 4:34 | Create | Villager (Male) |
| 5:21 | Create | Villager (Male) |
| 5:22 | Create | Villager (Male) |
| 5:35 | Create | Villager (Male) |
| 6:19 | Build | Lumber Camp |
| 6:27 | Create | Villager (Male) |
| 6:32 | Research | Loom |
| 7:14 | Build | Mining Camp |
| 7:20 | Create | Villager (Male) |
| 7:54 | Create | Villager (Male) |
| 8:03 | Create | Villager (Male) |
| 8:26 | Build | House |
| 8:30 | Build | House |
| 9:42 | Build | Barracks |
| 10:00 | Research | Feudal Age |
| 11:31 | Build | House |
| 11:32 | Build | House |
| 11:33 | Build | House |
| 11:57 | Build | Farm |
| 12:10 | Age | Feudal Age |
| 12:10 | Build | Farm |
| 12:29 | Build | Farm |
| 12:33 | Research | Horse Collar |
| 12:41 | Build | Blacksmith |
| 12:52 | Research | Wheelbarrow |
| 13:02 | Research | Gold Mining |
| 13:29 | Create | Villager (Male) |
| 13:29 | Create | Villager (Male) |
| 13:30 | Create | Villager (Male) |
| 14:21 | Build | Farm |
| 14:21 | Build | Farm |
| 14:55 | Create | Villager (Male) |
| 14:55 | Create | Villager (Male) |
| 15:06 | Build | Market |
| 15:16 | Create | Villager (Male) |
| 15:29 | Build | Mining Camp |
| 16:48 | Create | Villager (Male) |
| 16:48 | Create | Villager (Male) |
| 17:09 | Build | Archery Range |
| 17:31 | Build | Farm |
| 17:36 | Create | Villager (Male) |
| 17:45 | Build | Farm |
| 18:34 | Build | Farm |
| 18:43 | Build | Farm |
| 18:43 | Build | Farm |
| 18:44 | Build | Farm |
| 19:05 | Research | Castle Age |
| 19:36 | Build | Stable |
| 19:45 | Create | Villager (Male) |
| 19:45 | Create | Villager (Male) |
| 20:16 | Research | Man-at-Arms (upgrade) |
| 20:39 | Build | Mining Camp |
| 20:51 | Research | Double-Bit Axe |
| 21:16 | Research | Stone Mining |
| 21:30 | Create | Villager (Male) |
| 21:45 | Age | Castle Age |
| 22:01 | Build | Lumber Camp |
| 22:22 | Build | Monastery |
| 22:48 | Create | Villager (Male) |
| 23:50 | Create | Villager (Male) |
| 23:51 | Create | Villager (Male) |
| 23:51 | Create | Villager (Male) |
| 23:51 | Create | Villager (Male) |
| 24:02 | Build | Town Center |
| 24:21 | Research | Bloodlines |
| 24:21 | Research | Light Cavalry (upgrade) |
| 24:24 | Build | Farm |
| 25:31 | Research | Hand Cart |
| 25:44 | Research | Crossbowman (upgrade) |
| 26:04 | Create | Trade Cart |
| 26:43 | Create | Villager (Male) |
| 26:43 | Create | Villager (Male) |
| 26:43 | Create | Villager (Male) |
| 26:43 | Create | Villager (Male) |
| 26:52 | Build | Town Center |
| 27:06 | Create | Villager (Male) |
| 27:07 | Create | Villager (Male) |
| 27:07 | Create | Villager (Male) |
| 27:29 | Build | Farm |
| 27:29 | Build | Farm |
| 27:41 | Create | Villager (Male) |
| 27:58 | Build | Farm |
| 27:58 | Build | Farm |
| 28:00 | Build | Farm |
| 28:13 | Research | Bow Saw |
| 28:22 | Build | Lumber Camp |
| 28:32 | Create | Villager (Male) |
| 28:32 | Create | Villager (Male) |
| 28:36 | Create | Villager (Male) |
| 28:36 | Create | Villager (Male) |
| 29:04 | Build | Farm |
| 29:04 | Build | Farm |
| 29:05 | Build | Farm |
| 29:21 | Build | Castle |
| 30:03 | Create | Scout Cavalry |
| 30:03 | Create | Knight |
| 30:04 | Create | Scout Cavalry |
| 30:04 | Create | Knight |
| 30:05 | Create | Scout Cavalry |
| 30:05 | Create | Knight |
| 30:09 | Create | Militia |
| 30:10 | Create | Spearman |
| 30:10 | Create | Militia |
| 30:11 | Create | Militia |
| 30:12 | Create | Spearman |
| 30:16 | Research | Elite Skirmisher (upgrade) |
| 30:17 | Create | Archer |
| 30:17 | Create | Skirmisher |
| 30:40 | Build | Farm |
| 30:40 | Build | Farm |
| 30:40 | Build | Farm |
| 30:45 | Create | Villager (Male) |
| 30:45 | Create | Villager (Male) |
| 30:46 | Create | Villager (Male) |
| 30:46 | Create | Villager (Male) |
| 31:13 | Build | House |
| 31:13 | Build | House |
| 31:14 | Build | House |
| 31:36 | Create | Villager (Male) |
| 31:36 | Create | Villager (Male) |
| 31:37 | Create | Villager (Male) |
| 31:38 | Create | Villager (Male) |
| 31:39 | Create | Villager (Male) |
| 31:39 | Create | Villager (Male) |
| 31:41 | Create | Villager (Male) |
| 32:10 | Research | Forging |
| 32:11 | Research | Scale Mail Armor |
| 32:35 | Build | University |
| 32:40 | Create | Villager (Male) |
| 32:42 | Create | Villager (Male) |
| 32:46 | Create | Villager (Male) |
| 32:46 | Create | Villager (Male) |
| 32:52 | Research | Scale Barding Armor |
| 33:33 | Build | House |
| 33:34 | Build | House |
Build order — 90_Archer
First 150 of 329 actions detected
| 0:03 | Build | House |
| 0:05 | Build | House |
| 0:06 | Create | Villager (Male) |
| 0:06 | Create | Villager (Male) |
| 0:06 | Create | Villager (Male) |
| 0:06 | Create | Villager (Male) |
| 0:07 | Create | Villager (Male) |
| 1:31 | Create | Villager (Male) |
| 1:32 | Create | Villager (Male) |
| 2:04 | Create | Villager (Male) |
| 2:04 | Create | Villager (Male) |
| 2:26 | Create | Villager (Male) |
| 3:09 | Build | Lumber Camp |
| 3:27 | Create | Villager (Male) |
| 3:27 | Create | Villager (Male) |
| 3:27 | Create | Villager (Male) |
| 3:28 | Create | Villager (Male) |
| 3:28 | Create | Villager (Male) |
| 4:13 | Create | Villager (Male) |
| 4:13 | Create | Villager (Male) |
| 4:13 | Create | Villager (Male) |
| 4:22 | Build | House |
| 5:23 | Create | Villager (Male) |
| 5:57 | Create | Villager (Male) |
| 5:57 | Create | Villager (Male) |
| 5:57 | Create | Villager (Male) |
| 5:58 | Create | Villager (Male) |
| 6:01 | Build | Mill |
| 6:36 | Build | House |
| 6:40 | Build | House |
| 7:36 | Create | Villager (Male) |
| 8:00 | Build | House |
| 8:09 | Build | Mining Camp |
| 8:13 | Create | Villager (Male) |
| 8:15 | Research | Loom |
| 8:36 | Build | Farm |
| 8:48 | Research | Feudal Age |
| 9:23 | Build | Farm |
| 9:26 | Build | Farm |
| 9:28 | Build | Farm |
| 9:53 | Build | Mill |
| 10:42 | Create | Villager (Male) |
| 10:42 | Create | Villager (Male) |
| 11:13 | Age | Feudal Age |
| 11:39 | Build | Blacksmith |
| 12:10 | Create | Villager (Male) |
| 12:27 | Build | Market |
| 12:57 | Build | Lumber Camp |
| 13:03 | Create | Villager (Male) |
| 13:27 | Research | Castle Age |
| 14:39 | Build | House |
| 14:42 | Build | House |
| 14:43 | Build | House |
| 14:51 | Create | Villager (Male) |
| 14:51 | Create | Villager (Male) |
| 14:58 | Research | Double-Bit Axe |
| 15:05 | Research | Horse Collar |
| 16:08 | Age | Castle Age |
| 16:20 | Build | Town Center |
| 16:38 | Build | Town Center |
| 16:43 | Create | Villager (Male) |
| 16:43 | Create | Villager (Male) |
| 16:46 | Build | Farm |
| 16:56 | Build | Mining Camp |
| 17:18 | Research | Bow Saw |
| 17:42 | Create | Villager (Male) |
| 17:42 | Create | Villager (Male) |
| 17:47 | Build | Farm |
| 18:05 | Build | Farm |
| 18:16 | Create | Villager (Male) |
| 18:16 | Create | Villager (Male) |
| 18:34 | Build | Farm |
| 18:38 | Build | Farm |
| 18:42 | Build | Farm |
| 18:45 | Create | Villager (Male) |
| 18:46 | Create | Villager (Male) |
| 18:46 | Create | Villager (Male) |
| 18:46 | Create | Villager (Male) |
| 18:46 | Create | Villager (Male) |
| 18:52 | Build | Farm |
| 19:01 | Build | Farm |
| 19:10 | Create | Villager (Male) |
| 19:10 | Create | Villager (Male) |
| 19:17 | Build | Farm |
| 19:25 | Build | Farm |
| 19:31 | Build | Farm |
| 19:34 | Build | Farm |
| 19:38 | Create | Villager (Male) |
| 19:39 | Create | Villager (Male) |
| 19:51 | Build | Farm |
| 19:54 | Build | Farm |
| 19:57 | Create | Villager (Male) |
| 19:57 | Create | Villager (Male) |
| 20:04 | Create | Villager (Male) |
| 20:04 | Create | Villager (Male) |
| 20:08 | Build | Farm |
| 20:25 | Build | Farm |
| 20:29 | Build | Farm |
| 20:33 | Build | Farm |
| 20:35 | Build | Farm |
| 20:38 | Create | Villager (Male) |
| 20:38 | Create | Villager (Male) |
| 20:39 | Create | Villager (Male) |
| 20:39 | Create | Villager (Male) |
| 20:58 | Build | Town Center |
| 21:08 | Create | Villager (Male) |
| 21:08 | Create | Villager (Male) |
| 21:08 | Create | Villager (Male) |
| 21:09 | Create | Villager (Male) |
| 21:30 | Build | Farm |
| 21:32 | Build | Farm |
| 21:38 | Create | Villager (Male) |
| 21:38 | Create | Villager (Male) |
| 21:38 | Create | Villager (Male) |
| 21:39 | Create | Villager (Male) |
| 21:39 | Create | Villager (Male) |
| 21:39 | Create | Villager (Male) |
| 21:49 | Build | House |
| 21:52 | Build | House |
| 21:53 | Build | House |
| 21:54 | Build | House |
| 21:59 | Build | Farm |
| 22:02 | Research | Heavy Plow |
| 22:10 | Create | Villager (Male) |
| 22:11 | Create | Villager (Male) |
| 22:11 | Create | Villager (Male) |
| 22:16 | Create | Villager (Male) |
| 22:16 | Create | Villager (Male) |
| 22:17 | Create | Villager (Male) |
| 22:30 | Research | Stone Mining |
| 22:30 | Research | Stone Mining |
| 22:50 | Build | Farm |
| 22:54 | Create | Villager (Male) |
| 22:54 | Create | Villager (Male) |
| 22:55 | Create | Villager (Male) |
| 22:55 | Create | Villager (Male) |
| 22:55 | Create | Villager (Male) |
| 23:04 | Build | Farm |
| 23:08 | Build | Farm |
| 23:14 | Build | Farm |
| 23:19 | Build | Farm |
| 23:24 | Build | Farm |
| 23:33 | Build | Farm |
| 23:36 | Build | Farm |
| 23:42 | Create | Villager (Male) |
| 23:42 | Create | Villager (Male) |
| 23:43 | Create | Villager (Male) |
| 23:43 | Create | Villager (Male) |
| 23:43 | Create | Villager (Male) |
| 23:43 | Create | Villager (Male) |
Match timeline
| 8:42 | pablogueme · first_building Barracks |
| 9:42 | Angrycow4 · first_building Barracks |
| 10:10 | pablogueme · age_up feudal |
| 10:10 | FerRockero · age_up feudal |
| 10:36 | [SotC] Jugg · age_up feudal |
| 10:42 | byolaf · age_up feudal |
| 11:13 | 90_Archer · age_up feudal |
| 11:42 | Neto KJ · age_up feudal |
| 11:47 | SlappyGJ · age_up feudal |
| 12:10 | Angrycow4 · age_up feudal |
| 13:42 | Neto KJ · first_building Barracks |
| 14:21 | FerRockero · age_up castle |
| 14:33 | [SotC] Jugg · age_up castle |
| 15:46 | pablogueme · first_market_sell 100 wood |
| 15:49 | FerRockero · first_building Castle |
| 15:57 | byolaf · first_building Barracks |
| 16:08 | 90_Archer · age_up castle |
| 16:28 | pablogueme · first_building Archery Range |
| 16:28 | byolaf · age_up castle |
| 16:59 | byolaf · first_building Castle |
| 17:02 | SlappyGJ · age_up castle |
| 17:09 | Angrycow4 · first_building Archery Range |
| 17:19 | Neto KJ · age_up castle |
| 18:09 | byolaf · wall_segment Stone Wall x1 |
| 18:59 | pablogueme · age_up castle |
| 19:36 | Angrycow4 · first_building Stable |
| 19:37 | byolaf · first_building Monastery |
| 20:15 | SlappyGJ · first_building Castle |
| 20:36 | FerRockero · first_building Barracks |
| 21:27 | [SotC] Jugg · wall_segment Stone Wall x5 |
| 21:45 | Angrycow4 · age_up castle |
| 22:22 | Angrycow4 · first_building Monastery |
| 23:27 | [SotC] Jugg · first_building Barracks |
| 24:46 | [SotC] Jugg · first_building Castle |
| 25:37 | SlappyGJ · first_market_sell 100 food |
| 26:10 | [SotC] Jugg · first_building Archery Range |
| 26:15 | SlappyGJ · first_building Barracks |
| 26:24 | 90_Archer · first_building Siege Workshop |
| 26:27 | byolaf · wall_segment Palisade Wall x1 |
| 26:29 | byolaf · wall_segment Palisade Wall x1 |
| 26:54 | 90_Archer · first_building Monastery |
| 27:08 | byolaf · first_building Archery Range |
| 27:13 | 90_Archer · wall_segment Stone Wall x18 |
| 27:28 | 90_Archer · first_building Barracks |
| 27:36 | 90_Archer · wall_segment Stone Wall x1 |
| 27:55 | SlappyGJ · first_building Stable |
| 28:58 | SlappyGJ · age_up imperial |
| 29:21 | Angrycow4 · first_building Castle |
| 29:26 | pablogueme · first_building Siege Workshop |
| 29:35 | pablogueme · first_market_buy 100 food |
| 29:45 | 90_Archer · first_building Stable |
| 29:51 | Neto KJ · first_building Castle |
| 30:07 | 90_Archer · first_building Castle |
| 30:09 | [SotC] Jugg · first_building Siege Workshop |
| 30:24 | pablogueme · first_building Castle |
| 30:29 | FerRockero · first_building Stable |
| 30:38 | 90_Archer · first_building Archery Range |
| 31:18 | byolaf · first_market_sell 100 wood |
| 31:40 | 90_Archer · wall_segment Stone Wall x9 |
| 31:45 | 90_Archer · age_up imperial |
| 32:32 | [SotC] Jugg · first_market_sell 500 food |
| 32:56 | FerRockero · age_up imperial |
| 33:20 | pablogueme · age_up imperial |
| 34:09 | SlappyGJ · tribute_sent a jugador 1 |
| 34:09 | SlappyGJ · tribute_sent a jugador 2 |
| 34:09 | SlappyGJ · tribute_sent a jugador 3 |
| 34:09 | SlappyGJ · tribute_sent a jugador 5 |
| 34:09 | SlappyGJ · tribute_sent a jugador 6 |
| 34:09 | SlappyGJ · tribute_sent a jugador 7 |
| 34:09 | SlappyGJ · tribute_sent a jugador 8 |
| 34:09 | [SotC] Jugg · age_up imperial |
| 35:17 | Neto KJ · age_up imperial |
| 37:18 | byolaf · age_up imperial |
| 37:33 | FerRockero · tribute_sent a jugador 1 |
| 37:33 | FerRockero · tribute_sent a jugador 2 |
| 37:33 | FerRockero · tribute_sent a jugador 3 |
| 37:33 | FerRockero · tribute_sent a jugador 4 |
| 37:33 | FerRockero · tribute_sent a jugador 6 |
| 37:33 | FerRockero · tribute_sent a jugador 7 |
| 37:33 | FerRockero · tribute_sent a jugador 8 |
| 38:28 | Angrycow4 · first_building Siege Workshop |
| 40:25 | SlappyGJ · wall_segment Stone Wall x18 |
| 40:32 | SlappyGJ · wall_segment Stone Wall x12 |
| 40:46 | Angrycow4 · age_up imperial |
| 41:29 | pablogueme · first_building Stable |
| 41:43 | byolaf · first_building Stable |
| 43:58 | pablogueme · wall_segment Stone Wall x4 |
| 44:01 | pablogueme · wall_segment Stone Wall x2 |
| 44:02 | pablogueme · wall_segment Stone Wall x1 |
| 44:50 | FerRockero · resign |
[ AI ANALYSIS · 1 CREDIT ]
What really happened in this match?
Wolo.gg analyzes every decision: build order, eco, micro, common mistakes by bracket. Personalized analysis on WhatsApp or Discord in 30 seconds.
Civ guide
Poles
Perfil
Jugador #266972